TOP OF THE 1ST |
Peoria Chiefs batting - Pitching for Dayton Dragons : RHP Angel Cerros
|
Pitching: RHP Angel Cerros
|
|
Batting: RHB Fortunato Fteira
|
0-0: Foul Ball, location: 2F 0-1: Foul Ball, location: 2F 0-2: SINGLE (Groundball, 56D, EV 94.4 MPH)
|
Batting: RHB Chris Norris
|
0-0: Called Strike 0-1: Called Strike 0-2: Ball 1-2: Ball 2-2: Ball 3-2: Foul Ball, location: 2F 3-2: Ground out 2-3 (Groundball, 2R, EV 66.2 MPH) Fortunato Fteira to second
|
Batting: RHB Joe Alley
|
0-0: Ball 1-0: Swinging Strike 1-1: Swinging Strike 1-2: Strikes out swinging
|
Batting: RHB Tyler Walker
|
0-0: Fly out, F9 (Flyball, 89M, EV 98.1 MPH)
|
Top of the 1st over - 0 runs, 1 hit, 0 errors, 1 left on base; Peoria 0 - Dayton 0 |
BOTTOM OF THE 1ST |
Dayton Dragons batting - Pitching for Peoria Chiefs : LHP Drew Roemer
|
Pitching: LHP Drew Roemer
|
|
Batting: LHB Fernando Gomez
|
0-0: Ball 1-0: Ball 2-0: Called Strike 2-1: Called Strike 2-2: Ball 3-2: Foul Ball, location: 2F 3-2: Strikes out swinging
|
Batting: RHB Randy Grewe
|
0-0: Ball 1-0: Ball 2-0: Ball 3-0: Called Strike 3-1: Ground out 5-3 (Groundball, 56, EV 77.5 MPH)
|
Batting: RHB Danny Real
|
0-0: Ball 1-0: Ball 2-0: Ground out 1-3 (Groundball, 13S, EV 68.8 MPH)
|
Bottom of the 1st over - 0 runs, 0 hits, 0 errors, 0 left on base; Peoria 0 - Dayton 0 |
TOP OF THE 2ND |
Peoria Chiefs batting - Pitching for Dayton Dragons : RHP Angel Cerros
|
Batting: RHB Josh Broome
|
0-0: Ball 1-0: Swinging Strike 1-1: Ball 2-1: Swinging Strike 2-2: Ball 3-2: Strikes out swinging
|
Batting: RHB Tommy Tracy
|
0-0: Called Strike 0-1: Foul Ball, location: 2F 0-2: Ball 1-2: Ball 2-2: Ball 3-2: Strikes out looking
|
Batting: RHB Tim Cleary
|
0-0: Ball 1-0: Called Strike 1-1: Foul Ball, location: 2F 1-2: Ground out 6-3 (Groundball, 6, EV 84.4 MPH)
|
Top of the 2nd over - 0 runs, 0 hits, 0 errors, 0 left on base; Peoria 0 - Dayton 0 |
BOTTOM OF THE 2ND |
Dayton Dragons batting - Pitching for Peoria Chiefs : LHP Drew Roemer
|
Batting: SHB Tim Utz
|
0-0: Foul Ball, location: 2F 0-1: Ball 1-1: Ball 2-1: Swinging Strike 2-2: Strikes out swinging
|
Batting: LHB Matthew Berry
|
0-0: Called Strike 0-1: Ball 1-1: Foul Ball, location: 2F 1-2: Strikes out looking
|
Batting: RHB Mark Williams
|
0-0: Called Strike 0-1: Ball 1-1: Called Strike 1-2: Ball 2-2: Ball 3-2: Foul Ball, location: 2F 3-2: Foul Ball, location: 2F 3-2: Base on Balls
|
Batting: RHB Eric Sullivan
|
0-0: Ball 1-0: Called Strike 1-1: Ball 2-1: Called Strike 2-2: Foul Ball, location: 2F 2-2: Hit by Pitch Mark Williams to second
|
Batting: RHB Matt Silva
|
0-0: Ball 1-0: Called Strike 1-1: Ball 2-1: Called Strike 2-2: Strikes out swinging
|
Bottom of the 2nd over - 0 runs, 0 hits, 0 errors, 2 left on base; Peoria 0 - Dayton 0 |
TOP OF THE 3RD |
Peoria Chiefs batting - Pitching for Dayton Dragons : RHP Angel Cerros
|
Batting: RHB Brad Payne
|
0-0: Ball 1-0: SINGLE (Line Drive, 8RS, EV 93.1 MPH)
|
Batting: RHB Yorkis Saiki
|
0-0: Ball 1-0: Foul Ball, location: 2F 1-1: Called Strike 1-2: 2-RUN HOME RUN (Flyball, 89XD, EV 104.4 MPH), Distance : 390 ft
|
Batting: RHB Fortunato Fteira
|
0-0: Ball 1-0: Swinging Strike 1-1: Ball 2-1: Swinging Strike 2-2: Ball 3-2: Fly out, F6 (Line Drive, 6, EV 75.6 MPH)
|
Batting: RHB Chris Norris
|
0-0: Ground out 5-3 (Groundball, 15, EV 81.9 MPH)
|
Batting: RHB Joe Alley
|
0-0: Called Strike 0-1: Ground out 2-3 (Groundball, 15S, EV 68.1 MPH)
|
Top of the 3rd over - 2 runs, 2 hits, 0 errors, 0 left on base; Peoria 2 - Dayton 0 |
BOTTOM OF THE 3RD |
Dayton Dragons batting - Pitching for Peoria Chiefs : LHP Drew Roemer
|
Batting: RHB Cyd Carver
|
0-0: Called Strike 0-1: Ground out 6-3 (Groundball, 6, EV 88.8 MPH)
|
Batting: LHB Fernando Gomez
|
0-0: Ball 1-0: Ball 2-0: Ball 3-0: Called Strike 3-1: Ground out 1-3 (Groundball, P, EV 68.1 MPH)
|
Batting: RHB Randy Grewe
|
0-0: Foul Ball, location: 2F 0-1: Ball 1-1: Foul Ball, location: 2F 1-2: Strikes out swinging
|
Bottom of the 3rd over - 0 runs, 0 hits, 0 errors, 0 left on base; Peoria 2 - Dayton 0 |
TOP OF THE 4TH |
Peoria Chiefs batting - Pitching for Dayton Dragons : RHP Angel Cerros
|
Batting: RHB Tyler Walker
|
0-0: Called Strike 0-1: Ball 1-1: Ball 2-1: Ground out 6-3 (Groundball, 6, EV 109.4 MPH)
|
Batting: RHB Josh Broome
|
0-0: Reached on error, E1 (Groundball, 15S, EV 70.6 MPH)
|
Batting: RHB Tommy Tracy
|
0-0: Ball 1-0: Ball Josh Broome steals 3rd base 2-0: Called Strike 2-1: Called Strike 2-2: Ground out 6-3 (Groundball, 6, EV 86.2 MPH) Josh Broome scores
|
Batting: RHB Tim Cleary
|
0-0: Ball 1-0: Called Strike 1-1: Ball 2-1: Ground out 6-3 (Groundball, 6, EV 86.2 MPH)
|
Top of the 4th over - 1 run, 0 hits, 1 error, 0 left on base; Peoria 3 - Dayton 0 |
BOTTOM OF THE 4TH |
Dayton Dragons batting - Pitching for Peoria Chiefs : LHP Drew Roemer
|
Batting: RHB Danny Real
|
0-0: Foul Ball, location: 2F 0-1: Foul Ball, location: 2F 0-2: Ball 1-2: Fly out, F8 (Flyball, 8RXD, EV 90.0 MPH)
|
Batting: SHB Tim Utz
|
0-0: Called Strike 0-1: Swinging Strike 0-2: Ball 1-2: Ball 2-2: Strikes out swinging
|
Batting: LHB Matthew Berry
|
0-0: Ball 1-0: Called Strike 1-1: Swinging Strike 1-2: Strikes out looking
|
Bottom of the 4th over - 0 runs, 0 hits, 0 errors, 0 left on base; Peoria 3 - Dayton 0 |
TOP OF THE 5TH |
Peoria Chiefs batting - Pitching for Dayton Dragons : RHP Angel Cerros
|
Batting: RHB Brad Payne
|
0-0: Ball 1-0: Called Strike 1-1: Foul Ball, location: 2F 1-2: Ball 2-2: Strikes out swinging
|
Batting: RHB Yorkis Saiki
|
0-0: Ball 1-0: Swinging Strike 1-1: Ground out 5-3 (Groundball, 56, EV 89.4 MPH)
|
Batting: RHB Fortunato Fteira
|
0-0: Swinging Strike 0-1: Foul Ball, location: 2F 0-2: Foul Ball, location: 2F 0-2: Ball 1-2: Ball 2-2: Ball 3-2: Strikes out looking
|
Top of the 5th over - 0 runs, 0 hits, 0 errors, 0 left on base; Peoria 3 - Dayton 0 |
BOTTOM OF THE 5TH |
Dayton Dragons batting - Pitching for Peoria Chiefs : LHP Drew Roemer
|
Batting: RHB Mark Williams
|
0-0: Ball 1-0: Ball 2-0: Foul Ball, location: 2F 2-1: Foul Ball, location: 2F 2-2: Foul Ball, location: 2F 2-2: Foul Ball, location: 2F 2-2: Strikes out looking
|
Batting: RHB Eric Sullivan
|
0-0: Foul Ball, location: 2F 0-1: Ball 1-1: Called Strike 1-2: Strikes out swinging
|
Batting: RHB Matt Silva
|
0-0: Ball 1-0: Foul Ball, location: 2F 1-1: Ball 2-1: Ground out 5-3 (Groundball, 5L, EV 88.8 MPH)
|
Bottom of the 5th over - 0 runs, 0 hits, 0 errors, 0 left on base; Peoria 3 - Dayton 0 |
TOP OF THE 6TH |
Peoria Chiefs batting - Pitching for Dayton Dragons : RHP Angel Cerros
|
Batting: RHB Chris Norris
|
0-0: Ball 1-0: Ball 2-0: Ball 3-0: Base on Balls
|
Batting: RHB Joe Alley
|
0-0: Called Strike 0-1: SINGLE (Line Drive, 78S, EV 112.5 MPH) Chris Norris to second
|
Batting: RHB Tyler Walker
|
0-0: Called Strike 0-1: SINGLE (Groundball, 56S, EV 68.1 MPH) (infield hit) Chris Norris to third Joe Alley to second
|
Batting: RHB Josh Broome
|
0-0: Called Strike 0-1: Ball 1-1: Ball 2-1: Called Strike 2-2: Foul Ball, location: 2F 2-2: Single, Error in OF, E7, batter to second base (Groundball, 5L, EV 100.0 MPH) Chris Norris scores Joe Alley scores Tyler Walker to third
|
Pitching: RHP Tyrese Barnett
|
|
Batting: RHB Tommy Tracy
|
0-0: Ball 1-0: Swinging Strike 1-1: Ball 2-1: Called Strike 2-2: Ball 3-2: Base on Balls
|
Batting: RHB Tim Cleary
|
0-0: Ball 1-0: SINGLE (Groundball, 13S, EV 61.2 MPH) (infield hit) Tyler Walker scores Josh Broome to third Tommy Tracy to second
|
Batting: RHB Brad Payne
|
0-0: Called Strike 0-1: Foul Ball, location: 2F 0-2: Foul Ball, location: 2F 0-2: Strikes out looking
|
Batting: RHB Yorkis Saiki
|
0-0: Foul Ball, location: 2F 0-1: Foul Ball, location: 2F 0-2: Ball 1-2: Foul Ball, location: 2F 1-2: Ball 2-2: Foul Ball, location: 2F 2-2: Ball 3-2: Foul Ball, location: 2F 3-2: Base on Balls Josh Broome scores Tommy Tracy to third Tim Cleary to second
|
Batting: RHB Fortunato Fteira
|
0-0: Ball 1-0: DOUBLE (Flyball, 78D, EV 91.9 MPH) Tommy Tracy scores Tim Cleary scores Yorkis Saiki to third
|
Batting: RHB Chris Norris
|
0-0: Ball 1-0: Ball 2-0: Ball 3-0: Called Strike 3-1: Foul Ball, location: 2F 3-2: Foul Ball, location: 2F 3-2: Ground out 6-3 (Groundball, 6M, EV 103.8 MPH) Yorkis Saiki scores Fortunato Fteira to third
|
Batting: RHB Joe Alley
|
0-0: Swinging Strike 0-1: Ball 1-1: Foul Ball, location: 2F 1-2: Ball 2-2: DOUBLE (Flyball, 78XD, EV 102.5 MPH) Fortunato Fteira scores
|
Pitching: LHP Keith Egan
|
|
Batting: RHB Tyler Walker
|
0-0: Ball 1-0: Called Strike 1-1: Foul Ball, location: 2F 1-2: Strikes out swinging
|
Top of the 6th over - 8 runs, 6 hits, 1 error, 1 left on base; Peoria 11 - Dayton 0 |
BOTTOM OF THE 6TH |
Dayton Dragons batting - Pitching for Peoria Chiefs : LHP Drew Roemer
|
Batting: RHB Cyd Carver
|
0-0: Ball 1-0: SINGLE (Groundball, 6M, EV 106.2 MPH) (infield hit)
|
Batting: LHB Fernando Gomez
|
0-0: Ball 1-0: Foul Ball, location: 2F 1-1: Swinging Strike 1-2: Ball Cyd Carver steals 2nd base 2-2: Ball 3-2: Strikes out swinging
|
Pitching: RHP Kohsuke Naito
|
|
Batting: RHB Randy Grewe
|
0-0: Ball 1-0: Reached on error, E6 (Groundball, 6, EV 85.6 MPH) Cyd Carver to third
|
Batting: RHB Danny Real
|
0-0: Called Strike Randy Grewe steals 2nd base 0-1: Called Strike 0-2: Ball 1-2: Strikes out swinging
|
Batting: SHB Tim Utz
|
0-0: Ball 1-0: Called Strike 1-1: Foul Ball, location: 2F 1-2: Ball 2-2: Foul Ball, location: 2F 2-2: Foul Ball, location: 2F 2-2: Ball 3-2: Strikes out swinging
|
Bottom of the 6th over - 0 runs, 1 hit, 1 error, 2 left on base; Peoria 11 - Dayton 0 |
TOP OF THE 7TH |
Peoria Chiefs batting - Pitching for Dayton Dragons : LHP Keith Egan
|
Batting: RHB Josh Broome
|
0-0: Ball 1-0: Swinging Strike 1-1: Foul Ball, location: 2F 1-2: SINGLE (Line Drive, 6D, EV 105.0 MPH)
|
Batting: RHB Tommy Tracy
|
0-0: Ball 1-0: Swinging Strike 1-1: Called Strike 1-2: Ball 2-2: Foul Ball, location: 2F 2-2: Fielders Choice at 2nd, 5-4 (Groundball, 56S, EV 85.0 MPH)
|
Batting: RHB Tim Cleary
|
0-0: Ball 1-0: Called Strike 1-1: Ball 2-1: Foul Ball, location: 2F 2-2: Fly out, F8 (Flyball, 8RXD, EV 83.8 MPH)
|
Batting: RHB Brad Payne
|
0-0: SINGLE (Groundball, 4MD, EV 96.9 MPH) Tommy Tracy to second
|
Batting: RHB Yorkis Saiki
|
0-0: Fly out, F7 (Flyball, 7LMF, EV 90.0 MPH)
|
Top of the 7th over - 0 runs, 2 hits, 0 errors, 2 left on base; Peoria 11 - Dayton 0 |
BOTTOM OF THE 7TH |
Dayton Dragons batting - Pitching for Peoria Chiefs : RHP Kohsuke Naito
|
Batting: LHB Matthew Berry
|
0-0: Ball 1-0: SINGLE (Groundball, 34D, EV 105.6 MPH)
|
Batting: RHB Mark Williams
|
0-0: Ball 1-0: Foul Ball, location: 2F 1-1: Grounds into double play, 4-6-3 (Groundball, 4, EV 83.8 MPH)
|
Batting: RHB Eric Sullivan
|
0-0: DOUBLE (Line Drive, 9LM, EV 104.4 MPH)
|
Batting: RHB Matt Silva
|
0-0: Called Strike 0-1: Ball 1-1: Ball 2-1: Ground out 6-3 (Groundball, 6, EV 91.9 MPH)
|
Bottom of the 7th over - 0 runs, 2 hits, 0 errors, 1 left on base; Peoria 11 - Dayton 0 |
TOP OF THE 8TH |
Peoria Chiefs batting - Pitching for Dayton Dragons : LHP Keith Egan
|
Batting: RHB Fortunato Fteira
|
0-0: Called Strike 0-1: Ball 1-1: Ball 2-1: Called Strike 2-2: Foul Ball, location: 2F 2-2: Strikes out swinging
|
Batting: RHB Chris Norris
|
0-0: Called Strike 0-1: Called Strike 0-2: Foul Ball, location: 2F 0-2: SINGLE (Groundball, 56D, EV 104.4 MPH)
|
Batting: RHB Joe Alley
|
0-0: Ball 1-0: Foul Ball, location: 2F 1-1: Ball 2-1: Ball 3-1: Base on Balls Chris Norris to second
|
Pitching: RHP Aaron McArdle
|
|
Batting: RHB Tyler Walker
|
0-0: Ball 1-0: Ball 2-0: Called Strike 2-1: Called Strike 2-2: Foul Ball, location: 2F 2-2: Ball 3-2: Fielders Choice at 2nd, 5-4 (Groundball, 56S, EV 85.6 MPH) Chris Norris to third
|
Batting: RHB Josh Broome
|
0-0: Ball 1-0: Called Strike 1-1: Ball 2-1: Called Strike 2-2: Ball 3-2: Base on Balls Tyler Walker to second
|
Batting: RHB Tommy Tracy
|
0-0: Fielders Choice at 2nd, 5-4 (Groundball, 5, EV 102.5 MPH)
|
Top of the 8th over - 0 runs, 1 hit, 0 errors, 3 left on base; Peoria 11 - Dayton 0 |
BOTTOM OF THE 8TH |
Dayton Dragons batting - Pitching for Peoria Chiefs : RHP Kohsuke Naito
|
Pinch Hitting: LHB Ray Walden
|
0-0: Called Strike 0-1: Swinging Strike 0-2: Ball 1-2: Ball 2-2: Ball 3-2: Fly out, F8 (Line Drive, 8RD, EV 103.1 MPH)
|
Batting: LHB Fernando Gomez
|
0-0: Fly out, F5 (Popup, 5F, EV 62.5 MPH)
|
Batting: RHB Randy Grewe
|
0-0: Ball 1-0: Foul Ball, location: 2F 1-1: Ball 2-1: Swinging Strike 2-2: SINGLE (Flyball, 8LS, EV 84.4 MPH)
|
Batting: RHB Danny Real
|
0-0: Ball 1-0: SINGLE (Groundball, 6MD, EV 106.9 MPH) Randy Grewe to second
|
Batting: SHB Tim Utz
|
0-0: Ball 1-0: SINGLE (Groundball, 34D, EV 99.4 MPH) Randy Grewe to third Danny Real to second Throwing error, E9 Randy Grewe scores Danny Real to third Tim Utz to second
|
Batting: LHB Matthew Berry
|
0-0: Ball 1-0: Ball 2-0: Called Strike 2-1: Ground out 4-3 (Groundball, 4, EV 86.9 MPH)
|
Bottom of the 8th over - 1 run, 3 hits, 1 error, 2 left on base; Peoria 11 - Dayton 1 |
TOP OF THE 9TH |
Peoria Chiefs batting - Pitching for Dayton Dragons : RHP Aaron McArdle
|
Now at SS: Ryan Short
|
|
Batting: RHB Tim Cleary
|
0-0: Ball 1-0: Ball 2-0: Called Strike 2-1: Ball 3-1: Base on Balls
|
Batting: RHB Brad Payne
|
0-0: Called Strike 0-1: Called Strike 0-2: Ball 1-2: Fly out, F9 (Flyball, 89M, EV 88.8 MPH)
|
Pitching: RHP Victor Uriegas
|
|
Batting: RHB Yorkis Saiki
|
0-0: Called Strike 0-1: Ball 1-1: Foul Ball, location: 2F 1-2: Foul Ball, location: 2F 1-2: Fielders Choice at 2nd, 5-4 (Groundball, 56, EV 104.4 MPH)
|
Batting: RHB Fortunato Fteira
|
0-0: Fielders Choice at 2nd, 6-4 (Groundball, 6, EV 83.8 MPH)
|
Top of the 9th over - 0 runs, 0 hits, 0 errors, 1 left on base; Peoria 11 - Dayton 1 |
BOTTOM OF THE 9TH |
Dayton Dragons batting - Pitching for Peoria Chiefs : RHP Kohsuke Naito
|
Pitching: RHP Ray Strehler
|
|
Batting: RHB Mark Williams
|
0-0: Fly out, F5 (Line Drive, 5L, EV 66.9 MPH)
|
Batting: RHB Eric Sullivan
|
0-0: SINGLE (Groundball, 6MD, EV 101.9 MPH)
|
Batting: RHB Matt Silva
|
0-0: Ball 1-0: Ground out 4-3 (Groundball, 4S, EV 73.1 MPH) Eric Sullivan to second
|
Batting: RHB Ryan Short
|
0-0: SINGLE (Line Drive, 5D, EV 93.8 MPH) Eric Sullivan to third
|
Batting: LHB Fernando Gomez
|
0-0: Foul Ball, location: 2F 0-1: Fly out, F5 (Popup, 5F, EV 77.5 MPH)
|
Bottom of the 9th over - 0 runs, 2 hits, 0 errors, 2 left on base; Peoria 11 - Dayton 1 |
|